 Dungeon Crawl Stone Soup version 0.29-a0-284-gf9362112df (webtiles) character file.

Game seed: 16944880735033166539

340 enile the Sneak (level 6, -6/28 HPs)
             Began as a Felid Enchanter on Mar 22, 2022.
             Was a Priest of Wu Jian.
             Killed by nerve-wracking pain
             ... invoked by an orc priest
              (7 damage)
             ... on level 7 of the Dungeon.
             The game lasted 00:13:14 (8546 turns).

enile the Sneak (Felid Enchanter)                   Turns: 8546, Time: 00:13:14

Health: -6/28      AC:  2    Str:  4    XL:     6   Next: 30%
Magic:  11/11      EV: 19    Int: 18    God:    Wu Jian [***...]
Gold:   131        SH:  0    Dex: 17    Spells: 3/11 levels left
                                        Lives:  0   Deaths: 2

rFire   . . .      SeeInvis +     - Unarmed
rCold   . . .      Faith    .   (shield unavailable)
rNeg    . . .      Spirit   .   (body armour unavailable)
rPois   +          Reflect  .   (helmet unavailable)
rElec   .          Harm     .   (cloak unavailable)
rCorr   .          Rampage  .   (gloves unavailable)
Will    .....                   (boots unavailable)
Stlth   ++++......              (no amulet)
HPRegen 0.09/turn               e - ring of poison resistance
MPRegen 0.12/turn               (no ring)

@: quick
A: very small, claws 1, fangs 3, see invisible, speed 1, shaggy fur 2, stealthy
paws, no weapons or thrown items, no armour, multi-lived
a: Renounce Religion, Wall Jump, Serpent's Lash


You were on level 7 of the Dungeon.
You worshipped Wu Jian.
Wu Jian was most pleased with you.
You visited 2 branches of the dungeon, and saw 8 of its levels.

You collected 201 gold pieces.
You spent 70 gold pieces at shops.

Inventory:

Jewellery
 e - a ring of poison resistance (left paw)
Wands
 g - a wand of charming (17)
 j - a wand of polymorph (9)
 k - a wand of acid (10)
 m - a wand of flame (4)
Scrolls
 c - 3 scrolls of noise
 d - 2 scrolls of identify
Potions
 a - a potion of invisibility
 f - 2 potions of flight
 i - a potion of brilliance
 n - 2 potions of lignification


   Skills:
 - Level 4.0 Fighting
 - Level 4.3 Dodging
 - Level 7.0 Stealth
 - Level 1.0 Unarmed Combat
 - Level 3.0 Spellcasting
 - Level 5.6 Hexes
 + Level 3.8 Evocations


You had 3 spell levels left.
You knew the following spells:

 Your Spells              Type           Power      Damage    Failure   Level
a - Ensorcelled Hibernat  Hex/Ice        24%        N/A       8%          2
b - Tukima's Dance        Hex            23%        N/A       4%          3
c - Confusing Touch       Hex            23%        N/A       4%          3

Your spell library contained the following spells:

 Spells                   Type           Power      Damage    Failure   Level
 Dazzling Flash           Conj/Hex       24%        N/A       16%         3
 Blink                    Tloc           4%         N/A       24%         2
 Lesser Beckoning         Tloc           2%         N/A       43%         3
 Spider Form              Tmut/Pois      2%         N/A       43%         3
 Anguish                  Hex/Necr       6%         N/A       45%         4
 Manifold Assault         Tloc           2%         N/A       99%         5


Dungeon Overview and Level Annotations

Branches:
Dungeon (7/15)             Temple (1/1) D:4

Altars:
Dithmenos
Kikubaaqudgha
Vehumet
Wu Jian
Xom

Shops:
D:4 !


Innate Abilities, Weirdness & Mutations

You have sharp claws.
You have razor-sharp teeth.
You have supernaturally acute eyesight. (SInv)
You cover ground quickly. (Speed+)
You are covered in thick fur. (AC +2)
Your paws help you pounce on unaware monsters.
You are incapable of wielding weapons or throwing items.
You cannot wear armour.
You gain extra lives every three experience levels.


Message History

Aim: a gnoll, wielding a +0 spear (moderately wounded, chance to affect: 64%)
The gnoll struggles to resist.
The gnoll hits you but does no damage.
Casting: Tukima's Dance (dangerous; 4% risk of failure)
Confirm with . or Enter, or press ? or * to list all spells.
You don't have enough magic to cast this spell.
Unknown command.
You hit the gnoll but do no damage. The gnoll hits you but does no damage.
Your +0 spear hits the gnoll from afar.
You hit the gnoll.
The gnoll is heavily wounded.
The gnoll hits you.
You die...
Your shape twists and changes as you die.
You are now level 6!
You feel less wooden.
You rejoin the land of the living...
The Council accepts your kill.
You feel a bit more experienced.
(D) Dungeon (T) Temple
Where to? (? - help)
You see here a +0 spear.
You see here a +0 leather armour.
There is a stone staircase leading down, spattered with blood here.
Things that are here:
a +0 flail; a gnoll corpse You climb downwards.
The orc priest mumbles some strange prayers to Beogh against you.
Beogh smites you!
There is a stone staircase leading up here.
An orc priest is nearby!
An orc priest is nearby!
The orc priest looks satisfied for a moment.
You scratch the orc priest but do no damage.
The orc priest invokes the aid of Beogh against you.
Beogh smites you!
Ouch! That really hurt!
* * * LOW HITPOINT WARNING * * *
The orc priest mumbles some strange prayers to Beogh against you.
Pain shoots through your body!
You die...

.oo..#
#..o.
###.
##.o..
....
##...#
... #...#
..# #..#
..# #..#
..# ##.##
##.#
##.##
##@#
##.###.##
#.)oo##
##..##
####


You could see 2 orc priests.

Vanquished Creatures
  An ice beast (D:5)
  A sky beast (D:5)
  An ogre (D:5)
  A jelly (D:4)
  2 hounds
  A gnoll shaman (D:6)
  2 iguanas
  An orc wizard (D:5)
  7 gnolls
  6 adders
  A white imp (D:6)
  An ufetubus (D:4)
  2 worms
  A dart slug (D:1)
  8 orcs
  4 endoplasms
  6 giant cockroaches
  9 goblins
  10 hobgoblins
  5 jackals
  10 kobolds
  8 quokkas
  2 ball pythons
  6 bats
  A frilled lizard (D:1)
  7 rats
104 creatures vanquished.

Vanquished Creatures (collateral kills)
  A gnoll (D:6)
  A kobold (D:3)
2 creatures vanquished.

Vanquished Creatures (others)
  6 dancing weapons
  An adder (D:3)
  74 plants (D:3)
81 creatures vanquished.

Grand Total: 187 creatures vanquished

Notes
Turn   | Place    | Note
-------+----------+-------------------------------------------
     0 | D:1      | enile the Felid Enchanter began the quest for the Orb.
     0 | D:1      | Reached XP level 1. HP: 7/7 MP: 4/4
   103 | D:1      | Reached skill level 5 in Hexes
   143 | D:1      | Reached XP level 2. HP: 9/11 MP: 6/6
   191 | D:1      | Learned a level 2 spell: Ensorcelled Hibernation
  1068 | D:1      | Found a faded altar of an unknown god.
  1124 | D:1      | Prayed at the altar of an unknown god.
  1124 | D:1      | Became a worshipper of the Wu Jian Council
  1124 | D:1      | Reached * piety under Wu Jian
  1405 | D:2      | Reached skill level 1 in Fighting
  1561 | D:2      | Reached XP level 3. HP: 12/15 MP: 2/7
  1929 | D:2      | Reached XP level 4. HP: 19/19 MP: 2/8
  2072 | D:2      | Learned a level 3 spell: Tukima's Dance
  2451 | D:2      | Found a radiant altar of Vehumet.
  2628 | D:3      | Reached ** piety under Wu Jian
  3192 | D:3      | Found an ancient bone altar of Kikubaaqudgha.
  3846 | D:3      | Reached XP level 5. HP: 18/22 MP: 6/10
  4553 | D:3      | Slain by an orc
  4554 | D:3      | Reached XP level 4. HP: 0/19 MP: 9/9
  4573 | D:4      | Noticed a scorpion
  4624 | D:4      | Found a staircase to the Ecumenical Temple.
  4633 | Temple   | Entered the Ecumenical Temple
  4883 | Temple   | Learned a level 3 spell: Confusing Touch
  5339 | D:5      | Entered Level 5 of the Dungeon
  5666 | D:5      | Noticed a sky beast
  5676 | D:5      | Killed a sky beast
  5677 | D:5      | Reached skill level 6 in Stealth
  5677 | D:5      | Reached XP level 5. HP: 22/22 MP: 3/10
  6335 | D:4      | Found Nilan's Distillery.
  6343 | D:4      | Bought a potion of heal wounds for 70 gold pieces
  6520 | D:4      | Reached skill level 7 in Stealth
  6549 | D:4      | Gained mutation: You are covered in thick fur. (AC +2)
                  | [Felid growth]
  6549 | D:4      | Reached XP level 6. HP: 26/26 MP: 7/11
  7025 | D:5      | Reached *** piety under Wu Jian
  7749 | D:6      | Noticed an ice beast
  7787 | D:5      | Killed an ice beast
  7825 | D:5      | Reached XP level 7. HP: 13/32 MP: 5/12
  8358 | D:7      | HP: 1/32 [gnoll/+0 whip (3)]
  8495 | D:7      | HP: 1/32 [orc priest/divine providence (10)]
  8509 | D:6      | Slain by a gnoll
  8510 | D:6      | Reached XP level 6. HP: 0/42 MP: 1/11
  8545 | D:7      | HP: 1/28 [orc priest/divine providence (15)]
  8546 | D:7      | Killed from afar by an orc priest

Illustrated notes

Levels and vault maps discovered:
D:1:      onia_arrival_pyramid, layout_basic,
          hellmonk_ecumenical_altar_crossroads, serial_forest,
          infiniplex_forest_lined_1, infiniplex_forest_clump_curved,
          infiniplex_forest_clump_double, infiniplex_forest_lined_room_2,
          infiniplex_forest_clump_C
D:2:      layout_loops_cross, basic_altar
D:3:      wad_woods_stonehenge, layout_basic
D:4:      layout_gridville, minmay_temple_entry_statues_pillars, serial_glass,
          glass_columns_b, glass_columns_a, serial_shops, shop,
          corexii_leaking_fountain, chequers_serial_rivers_small_a
D:5:      layout_gridville, serial_rivers, chequers_serial_rivers_room_a,
          chequers_serial_rivers_room_b, chequers_serial_rivers_micro_c,
          chequers_serial_rivers_micro_e, chequers_serial_rivers_micro_d,
          chequers_serial_rivers_marsh
D:6:      layout_layer_cave, hex_medium
D:7:      layout_layer_cave, ebering_ghost_gozag
Temple:   regret_index_temple_sigil_plot

Skill      XL: |  1  2  3  4  5  6  7 |
---------------+----------------------+-----
Hexes          | 5 |  5.6
Fighting       | 1 2 4 |  4.0
Dodging        | 3 4 |  4.3
Spellcasting   | 3 |  3.0
Stealth        | 6 7 |  7.0
Evocations     | 2 3 |  3.8
Unarmed Combat | |  1.0

Action                   |  1- 3 |  4- 6 |  7- 9 || total
-------------------------+-------+-------+-------++-------
Melee: Unarmed           |    68 |   302 |    47 ||   417
       Bite              |     7 |    29 |     9 ||    45
       Punch             |     1 |     3 |     2 ||     6
 Cast: Ensorcelled Hiber |    15 |    57 |     1 ||    73
       Tukima's Dance    |       |     8 |    11 ||    19
       Confusing Touch   |       |     4 |       ||     4
Invok: Whirlwind         |     4 |    54 |     2 ||    60
       Lunge             |     3 |    12 |     2 ||    17
       Serpent's Lash    |       |       |     1 ||     1
 Abil: Wall Jump         |       |     1 |     3 ||     4
Evoke: Wand              |       |     5 |       ||     5
  Use: Potion            |     4 |     4 |     5 ||    13
       Scroll            |       |     4 |     2 ||     6
 Stab: Sleeping          |    19 |    42 |     2 ||    63
       Invisible         |     1 |       |       ||     1
       Confused          |       |     1 |       ||     1
Armor: Skin              |     4 |    23 |     4 ||    31
Dodge: Dodged            |    59 |   296 |    54 ||   409

Table legend: (Time is in decaauts)
 A = Elapsed time spent in this place.
 B = Non-inter-level travel time spent in this place.
 C = Inter-level travel time spent in this place.
 D = Time resting spent in this place.
 E = Time spent auto-exploring this place.
 F = Levels seen in this place.
 G = Mean time per level.
                   A        B        C        D        E       F      G
               +--------+--------+--------+--------+--------+-----+--------+
         Total |   7707 |   7513 |    194 |    968 |   5344 |   8 |  963.4 |
       Dungeon |   7459 |   7265 |    194 |    732 |   5342 |   7 | 1065.6 |
        Temple |    248 |    248 |      0 |    236 |      2 |   1 |  248.0 |
               +--------+--------+--------+--------+--------+-----+--------+

Top non-repeatable levels by time:
     D:3: 1797 daAuts
     D:5: 1614 daAuts
     D:4: 1238 daAuts
     D:1: 1201 daAuts
     D:2: 1121 daAuts
     D:7: 278 daAuts
  Temple: 248 daAuts
     D:6: 206 daAuts
